 Dungeon Crawl Stone Soup version 0.32-a0-938-g40ac7a0f4d (webtiles) character file.

Game seed: 14377243464542214484

2401 ezpacito the Chopper (level 9, -8/66 (68) HPs)
             Began as a Coglin Chaos Knight on Apr 15, 2024.
             Was a Plaything of Xom.
             Mangled by a gargoyle
             ... wielding a +0 morningstar
              (41 damage)
             ... on level 7 of the Dungeon.
             The game lasted 00:07:57 (5925 turns).

ezpacito the Chopper (Coglin Chaos Knight)          Turns: 5925, Time: 00:07:57

HP:   -8/66 (68)    AC:  9    Str: 16    XL:     9   Next: 46%
MP:   12/12         EV: 10    Int: 14    God:    Xom [*.....]
Gold: 141           SH:  0    Dex: 15    Spells: 0/12 levels left

rFire   . . .        a - +0 hand axe (chaos) {Shi}
rCold   . . .        b - +0 trident {Ælfric}
rNeg    . . .        p - +0 scale mail "Earthly Heaven" {Int+3 Slay+2}
rPois   .            (helmet restricted)
rElec   +            i - +0 cloak
rCorr   .            F - +0 pair of gloves
SInv    .            (no boots)
Will    .....        (amulet unavailable)
Stlth   +            (ring unavailable)
HPRegen 0.31/turn    (ring unavailable)
MPRegen 0.13/turn    (no gizmo)

%: no passive effects
@: hasted, lightly drained, revving, very quick
A: off-hand wielding, slow wielding, warmup strikes, no jewellery, horns 1,
electricity resistance
a: Invent Gizmo, Renounce Religion


You were on level 7 of the Dungeon.
You worshipped Xom.
You were a special plaything of Xom.
You visited 1 branch of the dungeon, and saw 7 of its levels.
You also visited: Ossuary.

You collected 295 gold pieces.
You spent 154 gold pieces at shops.

Inventory:

Hand Weapons
 a - a +0 hand axe of chaos (weapon) {Shi}
 b - a +0 trident (offhand) {Ælfric}
 m - a +0 sling
 w - a +0 war axe
Missiles
 f - 2 poisoned darts
 j - 8 boomerangs (quivered)
 o - 6 javelins
Armour
 i - a +0 cloak (worn)
 p - the +0 scale mail "Earthly Heaven" (worn) {Int+3 Slay+2}
   (You found it on level 3 of the Dungeon)

   Int+3:     It affects your intelligence (+3).
   Slay+2:    It affects your accuracy & damage with ranged weapons and melee
   (+2).
 A - a +0 plate armour
 F - a +0 pair of gloves (worn)
Talismans
 y - a maw talisman
Wands
 u - a wand of flame (58)
 E - a wand of paralysis (5)
Scrolls
 c - a scroll of torment
 d - a scroll of immolation {unknown}
 e - a scroll of revelation
 g - a scroll of fear
 k - 2 scrolls of enchant weapon
 r - a scroll of amnesia
 s - a scroll of fog
 t - a scroll of teleportation
 x - a scroll of vulnerability {unknown}
 D - a scroll of silence
Potions
 h - a potion of haste
 l - 2 potions of curing {unknown}
 n - a potion of resistance
 q - a potion of mutation
 v - a potion of cancellation
 z - a potion of invisibility {unknown}
 B - 2 potions of attraction {unknown}
 C - a potion of brilliance {unknown}


   Skills:
 * Level 5.1 Fighting
 * Level 5.3(5.9) Axes
 * Level 3.5(4.7) Polearms
 + Level 2.2 Throwing
 * Level 4.1 Armour
 * Level 4.0 Dodging
 + Level 2.1 Stealth
 + Level 0.4 Unarmed Combat
 + Level 2.1 Spellcasting
 + Level 2.3 Summonings
 + Level 2.4 Necromancy
 + Level 2.5 Translocations
 + Level 2.5 Alchemy
 + Level 2.8 Evocations
 + Level 0.2 Shapeshifting


You couldn't memorise any spells.
You knew the following spells:

 Your Spells              Type           Power      Damage    Failure   Level
a - Necrotise             Necr           32%        1d5       30%         1
b - Sting                 Conj/Alch      20%        1d4       43%         1
c - Summon Small Mammal   Summ           28%        N/A       30%         1
d - Blink                 Tloc           16%        N/A       41%         2
e - Mercury Vapours       Alch/Air       10%        N/A       58%         2
f - Olgreb's Toxic Radia  Alch           8%         N/A       96%         4
g - Apportation           Tloc           16%        N/A       28%         1

Your spell library contained the following spells:

 Spells                   Type           Power      Damage    Failure   Level
 Call Imp                 Summ           14%        N/A       43%         2
 Magic Dart               Conj           4%         1d3       63%         1
 Jinxbite                 Hex            2%         N/A       77%         2
 Alistair's Intoxication  Alch           5%         N/A       100%        5


Dungeon Overview and Level Annotations

Branches:
Dungeon (7/15)            Ossuary (visited)
 Temple: D:4-7

Altars:
Cheibriados
Makhleb
Ru
Xom
The Shining One

Shops:
D:1 *   D:4 (:?

Annotations:
D:5 1 runed translucent door, justen's ghost, novice MfSh


Innate Abilities, Weirdness & Mutations

You can wield a second weapon in your off-hand.
It takes a long time for you to wield or remove held weapons.
Your first few attacks do less damage.
You cannot equip rings or amulets.
You have a pair of small horns on your head.
You are resistant to electric shocks. (rElec)


Message History

You are confused.
You are now a special plaything of Xom.
The gargoyle hits you with a +0 morningstar.
You take 5 damage, and have 61/66 hp.
You bump into the stone wall.
You closely miss the gargoyle with your +0 hand axe of chaos.
You headbutt the gargoyle, but do no damage.
You hit the gargoyle but do no damage.
The gargoyle hurls a stone arrow at you.
The stone arrow misses you.
You barely miss the gargoyle with your +0 hand axe of chaos.
You hit the gargoyle but do no damage.
The gargoyle hits you with a +0 morningstar!!
You take 18 damage, and have 44/66 hp.
MASSIVE DAMAGE!!
You bump into the stone wall.
You hit the gargoyle but do no damage.
You headbutt the gargoyle, but do no damage.
You hit the gargoyle with your +0 hand axe of chaos.
The gargoyle seems to grow stronger.
Xom thinks this is hilarious!
The gargoyle barely misses you.
Your magical effects are unravelling.
You feel magically purged.
You feel yourself slow down.
You feel less confused.
The gargoyle hurls a stone arrow at you.
The stone arrow hits you!
You take 11 damage, and have 33/66 hp.
You feel yourself speed up. The gargoyle closely misses you.
You hit the gargoyle but do no damage.
You headbutt the gargoyle, but do no damage.
The gargoyle is moderately damaged.
You barely miss the gargoyle with your +0 trident.
You hit the gargoyle with your +0 hand axe of chaos.
The acid corrodes the gargoyle!
The gargoyle is moderately damaged.
You completely miss the gargoyle with your +0 trident.
The gargoyle hits you with a +0 morningstar!!!
Ouch! That really hurt!
You die...
Xom cackles wildly!

### ..# #.#
##################.#
#......#.#...#...#.#
#.####.#$#.#.###.#.#
#....#.#.#.#.....#.#
####.#.#9#.#.###.#.######
#....#.#@#.#.# #.....'.[#
#.####.#.#.#.#.#####.#..#
#.#..#.#...#.#.......#[.#
#.#.##.###########.######
#.#..#.....#.......#
#.##.#.###.#.#####.#
#....#...#.......#...
#.####################
#.## ###


You could see a gargoyle (strong, corroded).

Vanquished Creatures
  An ogre (D:6)
  3 ice beasts
  A centaur (D:6)
  3 phantoms
  A weeping skull (Ossuary)
  Blork the orc (D:6)
  A scorpion (D:6)
  12 water moccasin zombies (Ossuary)
  3 wights (D:6)
  A bombardier beetle (D:6)
  3 electric eels (D:6)
  2 hounds (D:5)
  A jelly (D:4)
  Jessica (D:2)
  5 iguanas
  Ijyb (D:5)
  A sleepcap (D:6)
  2 crocodile zombies (Ossuary)
  2 mummies (Ossuary)
  8 adders
  A river rat (D:4)
  3 adder zombies (Ossuary)
  2 dart slugs (D:1)
  2 ribbon worms (D:3)
  13 orcs
  6 ball pythons
  9 bats
  3 endoplasms
  A giant cockroach (D:1)
  9 goblins
  10 hobgoblins
  3 jackals (D:1)
  3 quokkas
  4 frilled lizards
  8 gnoll zombies (Ossuary)
  4 jackal zombies (Ossuary)
  6 kobolds
  4 orc zombies (Ossuary)
  5 rats
149 creatures vanquished.

Vanquished Creatures (collateral kills)
  An orc warrior (D:6)
  An orc priest (D:6)
  A white imp (D:6)
  2 orcs (D:6)
5 creatures vanquished.

Vanquished Creatures (others)
  An adder zombie (Ossuary)
  An orc zombie (Ossuary)
2 creatures vanquished.

Grand Total: 156 creatures vanquished

Notes
Turn   | Place    | Note
-------+----------+-------------------------------------------
     0 | D:1      | ezpacito the Coglin Chaos Knight began the quest for the
                  | Orb.
     0 | D:1      | Reached XP level 1. HP: 18/18 MP: 1/1
    41 | D:1      | Reached skill level 1 in Dodging
    58 | D:1      | Reached XP level 2. HP: 18/24 MP: 2/2
   399 | D:1      | Found Fuecam's General Store.
   405 | D:1      | Reached XP level 3. HP: 28/29 MP: 3/3
  1068 | D:2      | Reached XP level 4. HP: 34/35 MP: 4/4
  1113 | D:2      | Noticed Jessica
  1125 | D:2      | Killed Jessica
  1126 | D:2      | Reached skill level 1 in Polearms
  1384 | D:2      | Learned a level 1 spell: Apportation
  1386 | D:2      | Learned a level 1 spell: Necrotise
  1388 | D:2      | Learned a level 1 spell: Sting
  1390 | D:2      | Learned a level 1 spell: Summon Small Mammal
  1572 | D:3      | Found a shimmering altar of Xom.
  1572 | D:3      | Found a sacrificial altar of Ru.
  1615 | D:3      | Identified the +0 scale mail "Earthly Heaven" {Int+3
                  | Slay+2}
  1861 | D:3      | Reached XP level 5. HP: 41/41 MP: 5/5
  2178 | D:3      | XOM: divination: magic mapping
  2244 | D:4      | Found Kyla's Antique Weapon Shoppe.
  2445 | D:4      | Noticed a phantom
  2455 | D:4      | Killed a phantom
  2456 | D:4      | Reached skill level 1 in Summonings
  2456 | D:4      | Reached XP level 6. HP: 45/48 MP: 7/7
  2506 | D:4      | Found Zemuet's Book Boutique.
  2660 | D:4      | Learned a level 2 spell: Blink
  2724 | D:4      | XOM: noise
  2732 | D:4      | Found Qufuilir's Magic Scroll Shop.
  2735 | D:4      | Bought a scroll of identify for 22 gold pieces
  2735 | D:4      | Bought a scroll of fog for 44 gold pieces
  2735 | D:4      | Bought a scroll of identify for 22 gold pieces
  2735 | D:4      | Bought a scroll of identify for 22 gold pieces
  2735 | D:4      | Bought a scroll of fear for 44 gold pieces
  2863 | D:5      | Entered Level 5 of the Dungeon
  2880 | D:5      | Found a glowing golden altar of the Shining One.
  2881 | D:5      | Noticed Ijyb
  2888 | D:5      | Killed Ijyb
  2889 | D:5      | Reached skill level 1 in Stealth
  2889 | D:5      | Reached skill level 1 in Alchemy
  2944 | D:5      | XOM: cast spell 'Alistair's Intoxication'
  2955 | D:5      | Reached skill level 1 in Spellcasting
  3070 | D:5      | XOM: divination: detect items
  3098 | D:5      | Reached skill level 1 in Necromancy
  3141 | D:5      | Found a runed translucent door.
  3141 | D:5      | Noticed justen's ghost (novice MfSh)
  3193 | D:5      | Reached XP level 7. HP: 35/53 MP: 8/8
  3290 | D:5      | Reached skill level 1 in Throwing
  3290 | D:5      | Reached skill level 1 in Translocations
  3368 | D:5      | Found a burning altar of Makhleb.
  3373 | D:5      | Reached skill level 1 in Evocations
  3431 | D:5      | XOM: god gift: 8 stones
  3576 | D:5      | Noticed a vampire
  3589 | D:5      | Gained mutation: You have a pair of small horns on your
                  | head. [potion of mutation]
  3611 | D:5      | XOM: noise
  3613 | D:6      | XOM: silly message
  3778 | D:6      | Found a transporter.
  3794 | D:6      | Found a transporter.
  3825 | D:6      | XOM: potion effect (haste)
  3828 | D:6      | Reached XP level 8. HP: 56/60 MP: 9/9
  3891 | D:6      | Found a snail-covered altar of Cheibriados.
  3952 | D:6      | XOM: butterfly on damage
  3979 | D:6      | Found a sand-covered staircase.
  3985 | Ossuary  | Entered an ossuary
  4171 | Ossuary  | XOM: divine lightning
  4177 | Ossuary  | XOM: smoke on damage
  4243 | Ossuary  | XOM: enchant monster (bad)
  4254 | Ossuary  | XOM: smoke on damage
  4338 | Ossuary  | XOM: 3-stop teleportation journey
  4347 | Ossuary  | XOM: chaos cloud
  4352 | Ossuary  | XOM: noise
  4378 | Ossuary  | Reached skill level 5 in Axes
  4502 | Ossuary  | Reached XP level 9. HP: 62/67 MP: 11/11
  4581 | Ossuary  | Identified the +0 leather armour of the Durable God {rPois
                  | rC+}
  4723 | D:6      | Reached skill level 5 in Fighting
  4801 | D:6      | XOM: give mutation
  4801 | D:6      | Gained mutation: You are resistant to electric shocks.
                  | (rElec) [Xom's mischief]
  4926 | D:6      | Noticed Blork the orc
  4930 | D:6      | XOM: chaos cloud
  4936 | D:6      | Killed Blork the orc
  5203 | D:6      | XOM: draining
  5285 | D:6      | XOM: smoke on damage
  5679 | D:7      | XOM: summons 5 hostile demons
  5796 | D:7      | Learned a level 2 spell: Mercury Vapours
  5801 | D:7      | Learned a level 4 spell: Olgreb's Toxic Radiance
  5913 | D:7      | Noticed a gargoyle
  5913 | D:7      | XOM: noise
  5916 | D:7      | XOM: confusion
  5925 | D:7      | Mangled by a gargoyle

Illustrated notes

Levels and vault maps discovered:
D:1:      dpeg_arrival_brainrot, layout_loops_cross, serial_shops, shop,
          minmay_misc_feat_hallway, minmay_misc_feat_enclosed, minmay_vboxes
D:2:      layout_rooms, uniq_jessica
D:3:      layout_loops_ring, chequers_temple_overflow_statue_of_worship,
          moated_statue
D:4:      layout_cave_pools, serial_shops, nicolae_shop_crystal,
          kennysheep_mini_moat, nicolae_shop_rolled_up
D:5:      layout_rooms, mainiacjoe_overflow_alcove_2,
          makhleb_blood_cavern_becter, gammafunk_ghost_grave, uniq_ijyb
D:6:      gammafunk_steamed_eel, layout_basic, overflow_temple_1_default,
          lightli_ossuary_entry_decrepit_ruins, uniq_blork_the_orc
D:7:      layout_basic, minmay_temple_entry_glassed_door, grunt_decor_junction,
          wad_mini_maze

Skill      XL: |  1  2  3  4  5  6  7  8  9 |
---------------+----------------------------+-----
Dodging        | 1 2 3 4 |  4.0
Armour         | 2 3 4 |  4.1
Polearms       | 1 2 3 |  3.5
Summonings     | 1 2 |  2.3
Axes           | 4 5 |  5.3
Stealth        | 1 2 |  2.1
Alchemy        | 1 2 |  2.5
Spellcasting   | 1 2 |  2.1
Necromancy     | 1 2 |  2.4
Throwing       | 1 2 |  2.2
Translocations | 1 2 |  2.5
Fighting       | 4 5 |  5.1
Evocations     | 1 2 |  2.8
Unarmed Combat | |  0.4
Shapeshifting  | |  0.2

Action                     |  1- 3 |  4- 6 |  7- 9 || total
---------------------------+-------+-------+-------++-------
  Melee: Hand axe          |    70 |    85 |   180 ||   335
         Dagger            |    65 |    38 |       ||   103
         Trident           |       |    61 |   201 ||   262
         Headbutt          |       |       |    56 ||    56
  Evoke: Wand              |       |       |     4 ||     4
    Use: Scroll            |     3 |     6 |     8 ||    17
         Potion            |       |     1 |    10 ||    11
   Stab: Sleeping          |     2 |       |       ||     2
         Petrifying        |     1 |     1 |       ||     2
         Distracted        |     1 |       |       ||     1
         Petrified         |       |     3 |       ||     3
         Confused          |       |       |     2 ||     2
         Paralysed         |       |       |     2 ||     2
 Armour: Leather armour    |    58 |     8 |       ||    66
         Scale mail        |       |    55 |   150 ||   205
  Dodge: Dodged            |    46 |    32 |    65 ||   143

Table legend: (Time is in decaauts)
 A = Elapsed time spent in this place.
 B = Non-inter-level travel time spent in this place.
 C = Inter-level travel time spent in this place.
 D = Time resting spent in this place.
 E = Time spent auto-exploring this place.
 F = Levels seen in this place.
 G = Mean time per level.
                   A        B        C        D        E       F      G
               +--------+--------+--------+--------+--------+-----+--------+
         Total |   5892 |   5714 |    178 |    269 |   4395 |   8 |  736.5 |
       Dungeon |   5262 |   5084 |    178 |    164 |   4038 |   7 |  751.7 |
       Ossuary |    630 |    630 |      0 |    105 |    357 |   1 |  630.0 |
               +--------+--------+--------+--------+--------+-----+--------+

Top non-repeatable levels by time:
     D:6: 1376 daAuts
     D:1: 969 daAuts
     D:3: 810 daAuts
     D:5: 747 daAuts
 Ossuary: 630 daAuts
     D:2: 570 daAuts
     D:4: 525 daAuts
     D:7: 263 daAuts
